[Event "39th Citta Arco Open 2017"]
[Site "Arco"]
[Date "2017.10.09"]
[Round "2.6"]
[White "Gaprindashvili, Valeriane"]
[Black "Giancotti, Eraldo"]
[Result "1-0"]
[ECO "E43"]
[WhiteElo "2352"]
[BlackElo "2094"]
[Annotator "ChessBase"]
[PlyCount "67"]
[EventType "swiss"]
[EventCountry "ITA"]
[TimeControl "40/5400+30:1800+30"]

1. Nf3 Nf6 2. d4 e6 3. e3 b6 4. c4 Bb4+ 5. Nc3 Bb7 6. Bd3 O-O 7. O-O c5 8. d5 Bxc3 9. bxc3 exd5 10. cxd5 Bxd5 11. c4 Bb7 12. Bb2 Nc6 13. Ng5 Nb4 14. Bxf6 Qxf6 15. Bxh7+ Kh8 16. f4 Rad8 17. a3 Nc6 18. Be4 g6 19. h4 d5 20. Bxd5 Na5 21. Qf3 Ba6 22. Rac1 Kg7 23. f5 gxf5 24. Qg3 Kh8 25. Qc7 Rxd5 26. cxd5 Bxf1 27. Rxf1 Nc4 28. Qf4 b5 29. Ne4 Qg7 30. Nxc5 Rg8 31. Rf2 Ne5 32. Qxf5 Qg3 33. Qh5+ Kg7 34. Ne4 1-0

[Event "39th Citta Arco Open 2017"]
[Site "Arco"]
[Date "2017.10.09"]
[Round "2.7"]
[White "Behling, Robert"]
[Black "Vezzosi, Paolo"]
[Result "1/2-1/2"]
[ECO "A21"]
[WhiteElo "2081"]
[BlackElo "2299"]
[Annotator "ChessBase"]
[PlyCount "60"]
[EventType "swiss"]
[EventCountry "ITA"]
[TimeControl "40/5400+30:1800+30"]

1. c4 e5 2. Nc3 Bb4 3. Qc2 Nf6 4. e3 O-O 5. Nge2 Re8 6. a3 Bf8 7. d4 exd4 8. Nxd4 d6 9. Bd3 Nbd7 10. O-O Ne5 11. Be2 Bd7 12. b3 c5 13. Nf3 Bc6 14. Nxe5 Rxe5 15. f3 d5 16. cxd5 Nxd5 17. Nxd5 Rxd5 18. e4 Rd7 19. Be3 Qf6 20. Rad1 Rc7 21. a4 Re8 22. Bf2 Bd6 23. Bc4 b6 24. Bd5 Qh6 25. g3 Qg6 26. Bxc6 Rxc6 27. Rd5 h6 28. Rfd1 Rec8 29. Qc4 R8c7 30. Kg2 Qe6 1/2-1/2

[Event "39th Citta Arco Open 2017"]
[Site "Arco"]
[Date "2017.10.09"]
[Round "2.8"]
[White "Molnar, Bela"]
[Black "Popa, Claudiu"]
[Result "1-0"]
[ECO "D36"]
[WhiteElo "2290"]
[BlackElo "2088"]
[Annotator "ChessBase"]
[PlyCount "51"]
[EventType "swiss"]
[EventCountry "ITA"]
[TimeControl "40/5400+30:1800+30"]

1. d4 d5 2. c4 e6 3. Nc3 Nf6 4. cxd5 exd5 5. Bg5 Be7 6. e3 c6 7. Bd3 O-O 8. Qc2 Nbd7 9. Nge2 Re8 10. O-O Nf8 11. f3 Nh5 12. Bxe7 Qxe7 13. e4 dxe4 14. fxe4 Qg5 15. Kh1 Ng6 16. e5 Bg4 17. Ne4 Qe3 18. Nd6 Re7 19. Rae1 Qh6 20. Qb3 Be6 21. Bc4 Qg5 22. Nxf7 Bxf7 23. Bxf7+ Kh8 24. Bxg6 Qxg6 25. Qf3 Kg8 26. g4 1-0

[Event "39th Citta Arco Open 2017"]
[Site "Arco"]
[Date "2017.10.10"]
[Round "2.9"]
[White "Mastroddi, Emiliano"]
[Black "Dittmar, Peter"]
[Result "1/2-1/2"]
[ECO "B15"]
[WhiteElo "2053"]
[BlackElo "2266"]
[Annotator "ChessBase"]
[PlyCount "74"]
[EventType "swiss"]
[EventCountry "ITA"]
[TimeControl "40/5400+30:1800+30"]

1. e4 c6 2. d4 d5 3. Nc3 dxe4 4. Nxe4 Nf6 5. Nxf6+ exf6 6. c3 Bd6 7. Bd3 O-O 8. Qc2 Kh8 9. Ne2 Re8 10. Be3 Nd7 11. O-O-O Nf8 12. Bf5 Qa5 13. Bxc8 Raxc8 14. Kb1 c5 15. dxc5 Bxc5 16. Bxc5 Qxc5 17. Nd4 Ne6 18. Rhe1 g6 19. f3 Re7 20. Nxe6 fxe6 21. Re2 Kg7 22. Red2 Rcc7 23. Qe4 Qc6 24. Qxc6 Rxc6 25. Kc2 e5 26. Rd5 Rcc7 27. b3 f5 28. c4 e4 29. fxe4 Rxe4 30. Rd7+ Re7 31. Rxc7 Rxc7 32. Rd6 Kf7 33. Kd3 Ke7 34. Rd5 Rc6 35. Kd4 Ke6 36. a4 Rb6 37. Kc3 Rc6 1/2-1/2

[Event "39th Citta Arco Open 2017"]
[Site "Arco"]
[Date "2017.10.09"]
[Round "2.10"]
[White "Luciani, Carlo"]
[Black "De Vita, Gianni"]
[Result "1-0"]
[ECO "B92"]
[WhiteElo "2261"]
[BlackElo "2058"]
[Annotator "ChessBase"]
[PlyCount "45"]
[EventType "swiss"]
[EventCountry "ITA"]
[TimeControl "40/5400+30:1800+30"]

1. e4 c5 2. Nf3 d6 3. d4 cxd4 4. Nxd4 Nf6 5. Nc3 a6 6. Be2 e5 7. Nb3 Be6 8. O-O Qc7 9. a4 b6 10. f4 Nbd7 11. Be3 Bc4 12. Nd2 Bxe2 13. Qxe2 Nc5 14. Kh1 Qb7 15. fxe5 dxe5 16. Bg5 Be7 17. Bxf6 Bxf6 18. Nd5 Nd7 19. Nc4 O-O 20. Ra3 Bd8 21. Rc3 b5 22. Nd6 Qb8 23. Nf5 1-0

[Event "39th Citta Arco Open 2017"]
[Site "Arco"]
[Date "2017.10.09"]
[Round "2.11"]
[White "Deissenberger, Thomas"]
[Black "Ruecker, Benjamin"]
[Result "0-1"]
[ECO "B08"]
[WhiteElo "2032"]
[BlackElo "2261"]
[Annotator "ChessBase"]
[PlyCount "66"]
[EventType "swiss"]
[EventCountry "ITA"]
[TimeControl "40/5400+30:1800+30"]

1. e4 g6 2. d4 Bg7 3. Nc3 c6 4. Nf3 d6 5. Be3 Nf6 6. h3 Qa5 7. Nd2 Nbd7 8. Be2 O-O 9. O-O b5 10. a3 Bb7 11. Nb3 Qc7 12. f4 a6 13. Bf3 Rad8 14. Qe2 e5 15. Rad1 exd4 16. Nxd4 Rfe8 17. g4 Nc5 18. Qg2 Nfxe4 19. Nxe4 Nxe4 20. Bxe4 d5 21. Bxg6 hxg6 22. Qf2 c5 23. Nf3 d4 24. Bc1 Qc6 25. Kg2 c4 26. Kg3 d3 27. cxd3 Rxd3 28. Rxd3 cxd3 29. Ne5 Qd5 30. Qf3 Rxe5 31. fxe5 Bxe5+ 32. Bf4 Qxf3+ 33. Rxf3 Bxf3 0-1

[Event "39th Citta Arco Open 2017"]
[Site "Arco"]
[Date "2017.10.09"]
[Round "2.12"]
[White "Nazarenus, Moritz"]
[Black "Battistella, Stefano"]
[Result "1-0"]
[ECO "A53"]
[WhiteElo "2241"]
[BlackElo "2041"]
[Annotator "ChessBase"]
[PlyCount "61"]
[EventType "swiss"]
[EventCountry "ITA"]
[TimeControl "40/5400+30:1800+30"]

1. d4 Nf6 2. c4 d6 3. Nc3 Bf5 4. f3 e5 5. e4 exd4 6. Qxd4 Nc6 7. Qd1 Be6 8. Be3 g6 9. Bd3 Ne5 10. Nge2 Nfd7 11. b3 Bh6 12. Bxh6 Qh4+ 13. Ng3 Qxh6 14. Qd2 Nxd3+ 15. Qxd3 O-O 16. Qd2 Qg7 17. O-O f5 18. exf5 Bxf5 19. Rae1 Ne5 20. Nxf5 gxf5 21. f4 Nc6 22. Rf3 Kh8 23. Rg3 Qf6 24. Nd5 Qd4+ 25. Qxd4+ Nxd4 26. Nxc7 Rac8 27. Nd5 b5 28. Re7 Rfe8 29. Rge3 Rxe7 30. Rxe7 bxc4 31. Nf6 1-0

[Event "39th Citta Arco Open 2017"]
[Site "Arco"]
[Date "2017.10.10"]
[Round "2.13"]
[White "Passerotti, Pierluigi"]
[Black "Tonina, Filippo"]
[Result "1/2-1/2"]
[ECO "B07"]
[WhiteElo "2210"]
[BlackElo "2021"]
[Annotator "ChessBase"]
[PlyCount "165"]
[EventType "swiss"]
[EventCountry "ITA"]
[TimeControl "40/5400+30:1800+30"]

1. d4 d6 2. e4 Nf6 3. Nc3 g6 4. Be3 c6 5. h3 b5 6. e5 dxe5 7. dxe5 Qxd1+ 8. Rxd1 Nfd7 9. f4 Nb6 10. Bd3 b4 11. Ne4 Nd5 12. Bc1 Bf5 13. Ne2 e6 14. N2g3 Be7 15. Ke2 Nd7 16. Kf3 Nc5 17. Nxc5 Bxc5 18. Nxf5 gxf5 19. g4 Ne7 20. Bd2 O-O-O 21. Be1 h5 22. gxh5 Rxh5 23. Ba6+ Kc7 24. Rxd8 Kxd8 25. Be2 Ng6 26. Kg3 Rh4 27. Bd2 Be7 28. Be3 Kc7 29. Rf1 a5 30. c3 bxc3 31. bxc3 Rh8 32. Rb1 Rb8 33. Rxb8 Kxb8 34. Bb6 a4 35. Ba6 Bh4+ 36. Kf3 Be7 37. Bf2 Kc7 38. Be2 Nh4+ 39. Kg3 Ng6 40. Bd4 Bh4+ 41. Kf3 Be7 42. Bd1 a3 43. Bb3 Nh4+ 44. Kg3 Ng6 45. Be3 Bh4+ 46. Kf3 Be7 47. Bf2 Nh4+ 48. Ke2 Ng6 49. Bg3 Kb6 50. Kd3 Nh4 51. Bf2+ Kc7 52. Bd1 Kd7 53. Bh5 Ke8 54. Be3 Ng2 55. Bc1 Nh4 56. Kc4 Ng6 57. Kb3 Kd7 58. c4 Bc5 59. Bd2 Kc7 60. Kc3 Kd7 61. Kd3 Kc7 62. Ke2 Kd7 63. Be3 Bb4 64. Kf3 Ke7 65. Bf2 c5 66. h4 Kf8 67. Kg3 Kg7 68. Be3 Be1+ 69. Kh3 Bb4 70. Be2 Kh6 71. h5 Ne7 72. Bf2 Nc6 73. Bh4 Nd4 74. Bg5+ Kh7 75. Bd1 Nc6 76. Kg2 Na5 77. Be2 Nb3 78. Bd3 Nc1 79. Bb1 Ne2 80. Bc2 Nc1 81. Bb1 Ne2 82. Bc2 Nc1 83. Bb1 1/2-1/2

[Event "39th Citta Arco Open 2017"]
[Site "Arco"]
[Date "2017.10.09"]
[Round "2.14"]
[White "De Eccher, Stefano"]
[Black "Wernet, Andreas"]
[Result "1/2-1/2"]
[ECO "C10"]
[WhiteElo "2193"]
[BlackElo "2012"]
[Annotator "ChessBase"]
[PlyCount "105"]
[EventType "swiss"]
[EventCountry "ITA"]
[TimeControl "40/5400+30:1800+30"]

1. e4 e6 2. d4 d5 3. Nc3 Nc6 4. Nf3 Nf6 5. e5 Ne4 6. Ne2 Be7 7. Ng3 f5 8. c3 Bd7 9. h4 Nxg3 10. fxg3 Qc8 11. Bd3 Nd8 12. Bg5 Nf7 13. Bxe7 Kxe7 14. g4 fxg4 15. Ng5 Nxg5 16. hxg5 Be8 17. Rxh7 Rxh7 18. Bxh7 Bh5 19. g6 Qf8 20. Qb3 g3 21. Qb4+ Kd7 22. Qb5+ Kd8 23. Qf1 Ke7 24. Kd2 b6 25. Ke3 c6 26. Qf4 Qxf4+ 27. Kxf4 Rf8+ 28. Kxg3 Be2 29. b4 Bd3 30. a4 Rf5 31. Kh4 a6 32. Ra2 Bc4 33. Rb2 Rf1 34. Bg8 Bd3 35. Kg5 Rf5+ 36. Kh4 Rf1 37. a5 b5 38. Kg5 Rf5+ 39. Kh4 Rf1 40. Bf7 Rh1+ 41. Kg5 Rf1 42. g4 Rg1 43. Rf2 Bf5 44. Rf4 Bd3 45. Bg8 Rf1 46. Rf7+ Rxf7 47. gxf7 Kf8 48. Kh5 Bb1 49. g5 Bf5 50. Bh7 Bxh7 51. g6 Bg8 52. fxg8=Q+ Kxg8 53. Kg5 1/2-1/2

[Event "39th Citta Arco Open 2017"]
[Site "Arco"]
[Date "2017.10.09"]
[Round "2.15"]
[White "De Santis, Alessio"]
[Black "Beulertz, Stefan"]
[Result "1-0"]
[ECO "A01"]
[WhiteElo "2162"]
[BlackElo "1994"]
[Annotator "ChessBase"]
[PlyCount "59"]
[EventType "swiss"]
[EventCountry "ITA"]
[TimeControl "40/5400+30:1800+30"]

1. b3 e5 2. Bb2 Nc6 3. c4 Nf6 4. e3 d5 5. cxd5 Qxd5 6. Nc3 Qd6 7. a3 a6 8. b4 b5 9. Qc2 Bb7 10. Nf3 Be7 11. Rc1 O-O 12. Be2 Rfd8 13. O-O Bf8 14. Rfd1 Qe7 15. Ng5 h6 16. Nge4 Qe6 17. Nxf6+ gxf6 18. Ne4 Rac8 19. Bg4 f5 20. Nc5 Bxc5 21. Bxf5 Qf6 22. Bxc8 Rxc8 23. Qxc5 Qg6 24. f3 Rd8 25. e4 Qg5 26. Qe3 Qg6 27. Rc5 Qd6 28. Rd5 Qg6 29. Rxd8+ Nxd8 30. d4 1-0

[Event "39th Citta Arco Open 2017"]
[Site "Arco"]
[Date "2017.10.09"]
[Round "2.16"]
[White "Oppici, Gabriele"]
[Black "Wurm, Alexander"]
[Result "1-0"]
[ECO "D00"]
[WhiteElo "1985"]
[BlackElo "2156"]
[Annotator "ChessBase"]
[PlyCount "85"]
[EventType "swiss"]
[EventCountry "ITA"]
[TimeControl "40/5400+30:1800+30"]

1. d4 d5 2. Bf4 Nf6 3. e3 c5 4. c3 Nc6 5. Nd2 Qb6 6. Qc2 g6 7. Ngf3 Bf5 8. Bd3 Bxd3 9. Qxd3 Bg7 10. O-O O-O 11. h3 Rfd8 12. a4 c4 13. Qc2 Nh5 14. Bh2 f5 15. Rfb1 Na5 16. b3 cxb3 17. Nxb3 Rac8 18. Nxa5 Qxa5 19. Rxb7 Rxc3 20. Qd2 Rdc8 21. Be5 Bf8 22. Rb5 Qa6 23. Rxd5 Rc2 24. Qd1 e6 25. Rd8 Rxd8 26. Qxc2 Rc8 27. Qb3 Qc4 28. Qb7 Qc6 29. Rb1 Ng7 30. a5 h6 31. Qxa7 Ra8 32. Qb6 Qe4 33. Rc1 Qd5 34. a6 Ne8 35. a7 Nd6 36. Bxd6 Bxd6 37. Rc6 Bf8 38. Rxe6 g5 39. Ne5 Qd7 40. Rg6+ Kh7 41. Rf6 Qxa7 42. Rf7+ Qxf7 43. Nxf7 1-0

[Event "39th Citta Arco Open 2017"]
[Site "Arco"]
[Date "2017.10.09"]
[Round "2.17"]
[White "Sprotte, Norbert"]
[Black "Cordara, Michele"]
[Result "1-0"]
[ECO "A47"]
[WhiteElo "2154"]
[BlackElo "1990"]
[Annotator "ChessBase"]
[PlyCount "59"]
[EventType "swiss"]
[EventCountry "ITA"]
[TimeControl "40/5400+30:1800+30"]

1. d4 Nf6 2. Nf3 e6 3. e3 b6 4. Bd3 Ba6 5. c4 Be7 6. O-O d5 7. Ne5 dxc4 8. Nxc4 O-O 9. b3 c5 10. dxc5 Bxc5 11. Bb2 Bxc4 12. Bxc4 Qxd1 13. Rxd1 Nc6 14. Nc3 Rfd8 15. Bb5 Nb4 16. Rac1 Nfd5 17. Nxd5 Rxd5 18. a3 Bf8 19. Rxd5 Nxd5 20. Kf1 Rd8 21. Ke2 Bd6 22. g3 Ne7 23. Ba6 Kf8 24. e4 Bb8 25. f4 f6 26. Bc4 Nc6 27. Bxe6 Nd4+ 28. Bxd4 Rxd4 29. Bd5 Bd6 30. b4 1-0